 Dungeon Crawl Stone Soup version 0.31.0-32-g396128a36d (webtiles) character file.

Game seed: 14260323677578875780

58 0gre the Chiller (level 4, 22/32 HPs)
             Began as a Gnoll Ice Elementalist on Apr 11, 2024.
             Quit the game on level 2 of the Dungeon.
             The game lasted 00:06:44 (1439 turns).

0gre the Chiller (Gnoll Ice Elementalist)           Turns: 1439, Time: 00:06:44

Health: 22/32      AC:  2    Str:  8    XL:     4   Next: 2%
Magic:  7/11       EV: 13    Int: 14    God:
Gold:   60         SH:  0    Dex: 14    Spells: 9/13 levels left

rFire   . . .        a - +0 short sword
rCold   . . .        (no shield)
rNeg    . . .        c - +0 robe
rPois   .            (no helmet)
rElec   .            (no cloak)
rCorr   .            (no gloves)
SInv    .            (no boots)
Will    .....        (no amulet)
Stlth   +++          (no ring)
HPRegen 0.25/turn    (no ring)
MPRegen 0.12/turn

%: no passive effects
@: freezing walls
A: fangs 1, strong nose, distributed training
a: no special abilities


You were on level 2 of the Dungeon.
You visited 1 branch of the dungeon, and saw 2 of its levels.

You collected 60 gold pieces.

Inventory:

Hand Weapons
 a - a +0 short sword (weapon)
Armour
 c - a +0 robe (worn)
Scrolls
 e - a scroll of teleportation {unknown}
 f - a scroll of brand weapon {unknown}
 g - a scroll of torment {unknown}
Potions
 b - a potion of magic
 d - 2 potions of enlightenment {unknown}


   Skills:
 + Level 1.0 Fighting
 + Level 1.0 Short Blades
 + Level 1.0 Long Blades
 + Level 1.0 Axes
 + Level 1.0 Maces & Flails
 + Level 1.0 Polearms
 + Level 1.0 Staves
 + Level 1.0 Ranged Weapons
 + Level 1.0 Throwing
 + Level 1.0 Armour
 + Level 4.6 Dodging
 + Level 4.2 Stealth
 + Level 1.0 Shields
 + Level 1.0 Unarmed Combat
 + Level 5.0 Spellcasting
 + Level 0.8 Conjurations
 + Level 0.8 Hexes
 + Level 0.8 Summonings
 + Level 0.8 Necromancy
 + Level 0.8 Translocations
 + Level 0.8 Fire Magic
 + Level 7.1 Ice Magic
 + Level 0.8 Air Magic
 + Level 0.8 Earth Magic
 + Level 0.8 Alchemy
 + Level 1.1 Invocations
 + Level 1.0 Evocations
 + Level 1.0 Shapeshifting


You had 9 spell levels left.
You knew the following spells:

 Your Spells              Type           Power      Damage    Failure   Level
a - Freeze                Ice            92%        1d9       1%          1
b - Frozen Ramparts       Ice            46%        1d7       2%          3

Your spell library contained the following spells:

 Spells                   Type           Power      Damage    Failure   Level
 Ozocubu's Armour         Ice            23%        N/A       2%          3
 Summon Ice Beast         Ice/Summ       14%        N/A       10%         3


Dungeon Overview and Level Annotations

Branches:
Dungeon (2/15)

Altars:


Innate Abilities, Weirdness & Mutations

You have very sharp teeth.
Your uncanny sense of smell can sniff out nearby items.
Your experience applies equally to all skills.


Message History

Your Fighting skill increases to level 1!
Your Short Blades skill increases to level 1!
Your Long Blades skill increases to level 1!
Your Axes skill increases to level 1!
Your Maces & Flails skill increases to level 1!
Your Polearms skill increases to level 1!
Your Staves skill increases to level 1!
Your Ranged Weapons skill increases to level 1!
Your Throwing skill increases to level 1!
Your Armour skill increases to level 1!
Your Shields skill increases to level 1!
Your Unarmed Combat skill increases to level 1!
Your Evocations skill increases to level 1!
Things that are here:
a +0 dagger; a goblin corpse The hobgoblin shouts!
You hear a shout! x2
You completely miss the hobgoblin. The hobgoblin barely misses you.
Robin roars a battlecry!
The hobgoblin goes into a battle-frenzy!
Casting: Frozen Ramparts (dangerous; 2% risk of failure)
Confirm with . or Enter, or press ? or * to list all spells.
Casting: Frozen Ramparts (dangerous; 2% risk of failure)
Press: ? - help, Dir - look around, f - activate The walls around you are covered in ice.
The wall freezes the hobgoblin.
The hobgoblin hits you.
The wall freezes Robin!
You hit the hobgoblin.
You kill the hobgoblin!
The wall freezes Robin!
You hit Robin. You bite Robin, but do no damage.
Robin is almost dead.
The wall freezes Robin but does no damage.
Robin misses you.
You barely miss Robin.
Robin is almost dead.
The wall freezes Robin.
You kill Robin!
Your Shapeshifting skill increases to level 1!
You have reached level 4!
You feel stronger.
Are you sure you want to abandon this character and quit the game? (Confirm with "yes".)

.........................†..#
.......................)....#
.....#..................#####
........................#
.....#..................#
.......##.##.....)##....#
.....####g##.>....##....#
........#.##....))))....#
#....##.#g##...)@.##....#
#######.#.####.#####....#
#.#.# #.#.# #....#
#.#.####.#.# #....#
#.#......#.# #####..
#.########.# .## #..........#
# ############


There were no monsters in sight!

Vanquished Creatures
  Robin (D:2)
  An adder (D:2)
  3 endoplasms (D:1)
  3 giant cockroaches
  6 goblins (D:2)
  5 hobgoblins
  A quokka (D:1)
  5 ball pythons
  4 bats
  A frilled lizard (D:2)
  3 kobolds (D:1)
  3 rats
36 creatures vanquished.

Notes
Turn   | Place    | Note
-------+----------+-------------------------------------------
     0 | D:1      | 0gre the Gnoll Ice Elementalist began the quest for the
                  | Orb.
     0 | D:1      | Reached XP level 1. HP: 13/13 MP: 6/6
   233 | D:1      | Reached XP level 2. HP: 19/19 MP: 7/7
  1255 | D:2      | Reached skill level 5 in Spellcasting
  1255 | D:2      | Reached XP level 3. HP: 22/25 MP: 7/9
  1263 | D:2      | Learned a level 3 spell: Frozen Ramparts
  1334 | D:2      | Noticed Robin
  1338 | D:2      | Reached skill level 1 in Invocations
  1432 | D:2      | Reached skill level 1 in Fighting
  1432 | D:2      | Reached skill level 1 in Short Blades
  1432 | D:2      | Reached skill level 1 in Long Blades
  1432 | D:2      | Reached skill level 1 in Axes
  1432 | D:2      | Reached skill level 1 in Maces & Flails
  1432 | D:2      | Reached skill level 1 in Polearms
  1432 | D:2      | Reached skill level 1 in Staves
  1432 | D:2      | Reached skill level 1 in Ranged Weapons
  1432 | D:2      | Reached skill level 1 in Throwing
  1432 | D:2      | Reached skill level 1 in Armour
  1432 | D:2      | Reached skill level 1 in Shields
  1432 | D:2      | Reached skill level 1 in Unarmed Combat
  1432 | D:2      | Reached skill level 1 in Evocations
  1438 | D:2      | Killed Robin
  1439 | D:2      | Reached skill level 1 in Shapeshifting
  1439 | D:2      | Reached XP level 4. HP: 22/32 MP: 7/11
  1439 | D:2      | Quit the game

Illustrated notes

Levels and vault maps discovered:
D:1:      spicycebolla_arrival_risky_transporter, layout_loops_ring
D:2:      layout_basic, uniq_robin, uniq_jessica, uniq_terence, uniq_natasha

Skill      XL: |  1  2  3 |
---------------+----------+-----
Spellcasting   | 5 |  5.0
Invocations    | 1 |  1.1
Fighting       | 1 |  1.0
Short Blades   | 1 |  1.0
Long Blades    | 1 |  1.0
Axes           | 1 |  1.0
Maces & Flails | 1 |  1.0
Polearms       | 1 |  1.0
Staves         | 1 |  1.0
Ranged Weapons | 1 |  1.0
Throwing       | 1 |  1.0
Armour         | 1 |  1.0
Shields        | 1 |  1.0
Unarmed Combat | 1 |  1.0
Evocations     | 1 |  1.0
Shapeshifting  | 1 |  1.0
Dodging        | |  4.6
Stealth        | |  4.2
Conjurations   | |  0.8
Hexes          | |  0.8
Summonings     | |  0.8
Necromancy     | |  0.8
Translocations | |  0.8
Fire Magic     | |  0.8
Ice Magic      | |  7.1
Air Magic      | |  0.8
Earth Magic    | |  0.8
Alchemy        | |  0.8

Action                     |  1- 3 |  4- 6 || total
---------------------------+-------+-------++-------
  Melee: Short sword       |    72 |       ||    72
         Bite              |     7 |       ||     7
         Unarmed           |     1 |       ||     1
   Cast: Freeze            |    13 |       ||    13
         Frozen Ramparts   |     4 |       ||     4
   Stab: Sleeping          |     2 |       ||     2
 Armour: Robe              |    32 |       ||    32
         Skin              |     3 |       ||     3
  Dodge: Dodged            |    50 |       ||    50
